 Dungeon Crawl Stone Soup version 0.17-a0-2007-g96ac4c4 (webtiles) character file.

1531 Ordine the Fighter (level 8, -2/62 HPs)
             Began as an Octopode Fighter on Oct 9, 2015.
             Was a Follower of Dithmenos.
             Slain by a sky beast (5 damage)
             ... on level 7 of the Dungeon.
             The game lasted 00:19:00 (5857 turns).

Ordine the Fighter (Octopode Fighter)               Turns: 5857, Time: 00:19:00

Health: -2/62      AC:  3    Str: 21    XL:     8   Next: 85%
Magic:  8/8        EV: 10    Int: 12    God:    Dithmenos [*.....]
Gold:   283        SH: 10    Dex: 13    Spells: 0 memorised, 7 levels left

rFire  . . .     SeeInvis .     a - +1 long sword
rCold  . . .     Clarity  .     b - +1 shield
rNeg   . . .     SustAt   .     B - +2 hat
rPois  .         Gourm    .     y - amulet of resist mutation
rElec  .         Spirit   .     q - +2 ring of intelligence
rCorr  .         Warding  .     r - +2 ring of strength
rMut   +         Stasis   .     s - +3 ring of strength
MR     .....                    (no ring)
Stlth  +++.......               (no ring)
                                (no ring)
                                (no ring)
                                (no ring)

@: wreathed by umbra, not resistant to hostile enchantments, fairly stealthy
A: almost no armour, amphibious, 8 rings, constrict 8, camouflage 1, gelatinous
body 1
a: Renounce Religion


You were on level 7 of the Dungeon.
You worshipped Dithmenos.
Dithmenos was aware of your devotion.
You were hungry.

You visited 2 branches of the dungeon, and saw 8 of its levels.

You collected 399 gold pieces.
You spent 116 gold pieces at shops.

Inventory:

Hand Weapons
 a - a +1 long sword (weapon)
Missiles
 m - 46 poisoned needles
 v - 2 javelins (quivered)
 w - 6 tomahawks
Armour
 b - a +1 shield (worn)
 B - a +2 hat (worn)
Jewellery
 q - a +2 ring of intelligence (left tentacle)
 r - a +2 ring of strength (right tentacle)
 s - a +3 ring of strength (on tentacle)
 y - an amulet of resist mutation (around mantle)
Wands
 l - a wand of enslavement (3)
 o - a wand of confusion (23)
Scrolls
 e - a scroll of identify
 f - 6 scrolls of remove curse
 g - a scroll of enchant weapon
 k - 2 scrolls of enchant armour
 x - a scroll of recharging
Potions
 c - a potion of flight
 h - 4 potions of curing
 z - a potion of haste
 A - a potion of invisibility
 C - a potion of magic
 D - a potion of cancellation
Books
 n - a book of the Warp

   Spells                             Type                      Level
   a - Recall                         Summoning/Translocation      3
   b - Gell's Gravitas                Hexes/Translocation          3
   c - Force Lance                    Conjuration/Translocation    4
   d - Phase Shift                    Translocation                5
   e - Warp Weapon                    Charms/Translocation         5
   f - Summon Forest                  Summoning/Translocation      5
Comestibles
 d - 5 bread rations
 i - a royal jelly
 j - 3 meat rations
 p - 2 fruits
 t - 2 beef jerkies
 u - a slice of pizza


   Skills:
 + Level 8.3 Fighting
 + Level 7.7 Long Blades
 - Level 3.0 Dodging
 - Level 3.0 Shields


You had 7 spell levels left.
You didn't know any spells.

Dungeon Overview and Level Annotations

Branches:
Dungeon (7/15)             Temple (1/1) D:5

Altars:
Ashenzari
Cheibriados
Dithmenos
Fedhas
Gozag
Kikubaaqudgha
Makhleb
Nemelex Xobeh
Okawaru
Qazlal
Ru
Sif Muna
Trog
Vehumet

Shops:
D:6 [:


Innate Abilities, Weirdness & Mutations

You cannot wear most types of armour.
You are amphibious.
You can wear up to eight rings at the same time.
You can use your tentacles to constrict eight enemies at once.
Your skin changes colour to match your surroundings (Stealth).
Your rubbery body absorbs attacks (AC +1).


Message History

* * * LOW HITPOINT WARNING * * *
Something shocks you.
* * * LOW HITPOINT WARNING * * *
You barely miss something. You squeeze something. Something hits you.
* * * LOW HITPOINT WARNING * * *
Something shocks you.
* * * LOW HITPOINT WARNING * * *
You hear a distant slurping noise.
Drink which item? (? for menu, Esc to quit)
Okay, then.
Unknown command.
Unknown command.
You miss something. Your squeeze misses something.
Something hits you but does no damage.
You hit something. You squeeze something.
A sky beast appears from thin air!
Reactivating autopickup.
The sky beast hits you.
* * * LOW HITPOINT WARNING * * *
The sky beast shocks you.
You die...

######
#....######..
#..<.# #......# #
#....#####..###.#
#.###........(..#
.#
#...............#
.
#####..........##
.# ####..######
#..†.# ##@#......
#.Y##$.### #.##
.... .. ##.# ..#
. ... #... ....


You could see a sky beast.

Vanquished Creatures
  Grinder (D:4)
  Edmund (D:5)
  A phantom (D:4)
  2 ogres
  2 centaurs (D:6)
  The ghost of soonmide the Pure, an amateur DsAK of Lugonu (D:3)
  A giant frog (D:6)
  A gnoll sergeant (D:6)
  A crimson imp (D:5)
  A giant frog zombie (D:5)
  2 giant frog skeletons
  3 hounds
  Crazy Yiuf (D:5)
  A jelly (D:6)
  2 orc priests (D:5)
  2 worker ants
  2 worker ant zombies (D:6)
  3 gnolls (D:6)
  7 adders
  A shadow imp (D:6)
  3 worms
  3 adder skeletons
  2 giant geckos
  10 orcs
  4 giant cockroaches
  6 hobgoblins
  4 jackals (D:4)
  A quokka (D:4)
  A ball python (D:5)
  A ball python skeleton (D:4)
  7 bats
  6 giant newts
  8 goblins
  A jackal zombie (D:5)
  10 kobolds
  A quokka skeleton (D:6)
  2 rats (D:1)
106 creatures vanquished.

Vanquished Creatures (others)
  2 orcs (D:5)
2 creatures vanquished.

Grand Total: 108 creatures vanquished

Notes
Turn   | Place    | Note
--------------------------------------------------------------
     0 | D:1      | Ordine the Octopode Fighter began the quest for the Orb.
     0 | D:1      | Reached XP level 1. HP: 16/16 MP: 1/1
   357 | D:1      | Reached XP level 2. HP: 13/21 MP: 2/2
  1165 | D:2      | Reached XP level 3. HP: 12/27 MP: 3/3
  1460 | D:2      | Reached skill level 4 in Fighting
  1882 | D:2      | Reached XP level 4. HP: 28/33 MP: 4/4
  1999 | D:2      | Found a stormy altar of Qazlal.
  2221 | D:3      | Noticed soonmide's ghost (amateur DsAK)
  2279 | D:3      | Killed soonmide's ghost
  2279 | D:3      | Reached XP level 5. HP: 26/38 MP: 5/5
  2634 | D:3      | Reached skill level 5 in Fighting
  3077 | D:4      | Noticed a phantom
  3093 | D:4      | Killed a phantom
  3093 | D:4      | Reached XP level 6. HP: 19/45 MP: 6/6
  3452 | D:4      | Noticed an ogre
  3457 | D:4      | Killed an ogre
  3511 | D:4      | Noticed Grinder
  3517 | D:4      | Killed Grinder
  3517 | D:4      | Reached skill level 6 in Fighting
  3517 | D:4      | Reached skill level 5 in Long Blades
  3517 | D:4      | Reached XP level 7. HP: 20/52 MP: 7/7
  3817 | D:5      | Entered Level 5 of the Dungeon
  3907 | D:5      | Noticed Edmund
  3917 | D:5      | Killed Edmund
  3980 | D:5      | Found a shadowy altar of Dithmenos.
  4012 | D:5      | Became a worshipper of Dithmenos the Shadowed
  4175 | D:5      | Reached XP level 8. HP: 48/58 MP: 8/8
  4179 | D:5      | Reached skill level 7 in Fighting
  4206 | D:5      | Found a staircase to the Ecumenical Temple.
  4267 | Temple   | Entered the Ecumenical Temple
  4599 | D:5      | Found an iron altar of Okawaru.
  4692 | D:5      | Noticed Crazy Yiuf
  4706 | D:5      | Killed Crazy Yiuf
  4945 | D:6      | Found Imoguc's Book Boutique.
  5406 | D:6      | Reached skill level 8 in Fighting
  5500 | D:6      | Found Fonirrix's Antique Armour Shop.
  5622 | D:6      | Bought a glowing hat for 116 gold pieces
  5857 | D:7      | HP: 3/62 [sky beast (1)]
  5857 | D:7      | Slain by a sky beast

Vault maps used:
D:1:      minmay_arrival_split_and_join
D:2:      lemuel_coloured_pillars_altar
D:4:      first_bread, uniq_grinder
D:5:      lemuel_round_altar, temple_hall, nicolae_dithmenos_shadow_blocks,
          uniq_edmund, uniq_crazy_yiuf_cottage
D:6:      serial_shops, nicolae_shop_behind_doors, nicolae_shop_statue_plus
D:7:      corexii_shack_village, lemuel_statue_altar
Temple:   triangle_lava_temple_12

Action                   |  1- 3 |  4- 6 |  7- 9 || total
-------------------------+-------+-------+-------++-------
Melee: Long sword        |    72 |    60 |   111 ||   243
Throw: Javelin           |       |     9 |     4 ||    13
       Tomahawk          |       |       |     6 ||     6
Evoke: Wand              |       |       |     5 ||     5
  Use: Scroll            |       |    10 |    10 ||    20
       Potion            |       |     3 |     1 ||     4
 Stab: Sleeping          |     5 |     3 |     4 ||    12
       Confused          |       |       |     1 ||     1
  Eat: Chunk             |     3 |     5 |     7 ||    15
